[Event "Team 45 45 League T24"]
[Site "Free Internet Chess Server"]
[Date "2004.09.22"]
[Round "3"]
[White "zcomcon"]
[Black "RussoTuristo"]
[Result "0-1"]
[WhiteElo "1739"]
[BlackElo "1820"]
[TimeControl "2700+45"]

1. e4 g6 2. d4 Bg7 3. c4 d6 4. Be3 Nc6 5. Nc3 e5 6. d5 Nce7 7. h3 f5 8. Bg5 Nf6 9. Bd3 f4 10. Nf3 h6 11. Bxf6 Bxf6 12. Qd2 b6 13. Qc2 Bd7 14. Qd2 Qc8 15. Bc2 a6 16. Ba4 Bxa4 17. Nxa4 Qd7 18. Nc3 O-O 19. O-O Kh7 20. a3 Rg8 21. b3 g5 22. Nh2 h5 23. f3 Rg7 24. Nd1 Ng8 25. Nf2 Nh6 26. Kh1 Kg8 27. Rg1 Kf7 28. Qe2 Rh8 29. Qd1 g4 30. fxg4 hxg4 31. Nfxg4 Nxg4 32. Nf3 Nf2+   {White resigns} 0-1

[Event "Team 45 45 League T24"]
[Site "Free Internet Chess Server"]
[Date "2004.09.24"]
[Round "3"]
[White "JoeytheBudgie"]
[Black "DesparateDan"]
[Result "0-1"]
[WhiteElo "1725"]
[BlackElo "1639"]
[TimeControl "2700+45"]

1. e4 e5 2. Nf3 Nc6 3. d4 exd4 4. Nxd4 Nf6 5. Nc3 Bb4 6. Nxc6 bxc6 7. Bd2 O-O 8. Bd3 d5 9. exd5 Bxc3 10. Bxc3 Re8+ 11. Be2 Ba6 12. Qd4 Bxe2 13. Kd2 Bc4 14. Qxc4 Ne4+ 15. Kc1 Qg5+ 16. Kb1 Qxg2 17. Re1 cxd5 18. Qd4 Nxc3+ 19. Qxc3 Qxf2 20. Rxe8+ Rxe8 21. a3 Re1+ 22. Ka2 Rxa1+ 23. Kxa1 Qf1+ 24. Ka2 Qc4+ 25. Qb3 Qxb3+ 26. Kxb3 f5 27. Kc3 Kf7 28. Kd4 Ke6 29. b4 g5 30. Ke3 Ke5 31. c3 f4+ 32. Kf3 c6 33. a4 a6 34. h3 Kf5 35. Kf2 Ke4 36. Ke2 h5   {White resigns} 0-1

[Event "Team 45 45 League T24"]
[Site "Free Internet Chess Server"]
[Date "2004.09.26"]
[Round "3"]
[White "grabapawn"]
[Black "cmate"]
[Result "0-1"]
[WhiteElo "1516"]
[BlackElo "1476"]
[TimeControl "2700+45"]

1. d4 Nf6 2. c4 e6 3. a3 c6 4. Nc3 d5 5. c5 b6 6. b4 bxc5 7. bxc5 Qa5 8. Bd2 Be7 9. Nxd5 Qd8 10. Nb4 Ne4 11. Bf4 O-O 12. Bxb8 Bh4 13. g3 Qf6 14. f3 Nc3 15. Qc2 Qxd4 16. Nxc6 Qxc5 17. gxh4 Qxc6 18. Bg3 Qc5 19. Bf2 Qa5 20. Qd2 Bb7 21. e4 Rad8 22. Bd3 Rxd3 23. Qxd3 Nxe4+ 24. Ke2 Ba6 25. fxe4 Bxd3+ 26. Kxd3 Rd8+ 27. Ke3 Qd2+ 28. Kf3 Qc3+ 29. Kg2 Qxa1 30. Nf3 Qxa3 31. Re1 h6 32. Ne5 Qe7 33. Nc6 Qc7 34. Nxd8 Qxd8 35. Bxa7 Qd2+ 36. Bf2 g5 37. hxg5 Qxg5+ 38. Kf1 Qh5 39. Kg2 Qg4+ 40. Bg3 h5 41. h3 Qg5 42. Kf2 h4 43. Rg1 Qd2+ 44. Kf3 Qd3+ 45. Kf4 Qd2+ 46. Kg4 hxg3 47. Rxg3 Kf8 48. h4 Qe2+ 49. Kf4 Qh5 50. Rd3 Qxh4+ 51. Ke5 Qh2+ 52. Kd4 e5+ 53. Kd5 f6 54. Ke6 Qa2+ 55. Kxf6 Qa6+ 56. Kxe5 Qxd3 57. Kf5 Ke7 58. Ke5 Qc3+ 59. Kf5 Qd4 60. e5 Qd5 61. Kf4 Ke6 62. Ke3 Qxe5+ 63. Kd3 Qf4 64. Kc3 Kd5 65. Kd3 Qf3+ 66. Kd2 Kd4 67. Kc2 Qg3 68. Kd2 Qg2+ 69. Ke1 Ke3 70. Kd1 Qf2 71. Kc1 Kd3 72. Kb1 Kc3 73. Ka1 Qb2#   {White checkmated} 0-1

[Event "Team 45 45 League T24"]
[Site "Free Internet Chess Server"]
[Date "2004.09.24"]
[Round "3"]
[White "senorquinn"]
[Black "JayH"]
[Result "1-0"]
[WhiteElo "1508"]
[BlackElo "1430"]
[TimeControl "2700+45"]

1. d4 d5 2. c4 c6 3. Nf3 h6 4. e3 Nf6 5. Nc3 Bf5 6. Qb3 b6 7. Ne5 Be6 8. c5 Ne4 9. f3 Nxc3 10. Qxc3 b5 11. a4 Bd7 12. Be2 e6 13. O-O Be7 14. f4 g6 15. Kh1 Rg8 16. b3 f6 17. Nd3 g5 18. fxg5 hxg5 19. Bh5+ Kf8 20. Ne5 Be8 21. Bg4 f5 22. Be2 Bf6 23. g4 Qc7 24. gxf5 Qh7 25. fxe6 Ke7 26. Ng4 Bh5 27. Nxf6 Qg6 28. Bxh5 Qg7 29. Bd2 Rf8 30. Ng4 Qh7 31. Rxf8 Kxf8 32. Bf7 Qe4+ 33. Kg1 Qxg4+ 34. Kh1 Qf3+ 35. Kg1 Qg4+ 36. Kf2 Qh4+ 37. Ke2 Qxh2+ 38. Kd3 Qh7+ 39. Ke2 Qh2+ 40. Kd1 g4 41. Be1 Qh1 42. Kc2 Qe4+ 43. Qd3 Qg2+ 44. Kc3 Nd7 45. Qh7 a5 46. Qg8+ Ke7 47. Bh4+ Nf6 48. Qxa8 b4+ 49. Kd3 Qe4+ 50. Kd2 Qg2+ 51. Ke1 Qh1+ 52. Ke2 Qxh4 53. Qb7+ Kf8 54. Qb8+ Kg7 55. Rf1 g3 56. Rg1 Qh2+ 57. Kf1 Qh3+ 58. Rg2 Qh1+ 59. Rg1 Qh3+ 60. Ke1 g2 61. Qe5 Qh4+ 62. Ke2 Qg4+ 63. Kd2   {Black resigns} 1-0

[Event "Team 45 45 League T24"]
[Site "Free Internet Chess Server"]
[Date "2004.09.26"]
[Round "3"]
[White "threeNT"]
[Black "MStav"]
[Result "0-1"]
[WhiteElo "1648"]
[BlackElo "1648"]
[TimeControl "2700+45"]

1. e4 d6 2. d4 Nf6 3. Nc3 e5 4. Nf3 Nbd7 5. Bc4 exd4 6. Nxd4 Ne5 7. Bb3 Be7 8. O-O O-O 9. f4 Ng6 10. f5 Ne5 11. a4 Re8 12. Nf3 c6 13. Bf4 Qa5 14. Ng5 Rf8 15. Qe2 b6 16. Rfd1 Ba6 17. Qe3 Nfg4 18. Qh3 Qc5+ 19. Be3 Qxe3+ 20. Qxe3 Nxe3 21. Nf3 Nxd1 22. Rxd1 Rad8 23. Ba2 Rd7 24. b4 Bf6 25. g4 Nxf3+ 26. Kg2 Bxc3   {White resigns} 0-1

[Event "Team 45 45 League T24"]
[Site "Free Internet Chess Server"]
[Date "2004.09.27"]
[Round "3"]
[White "BIRDSMAN"]
[Black "FusterCluck"]
[Result "1-0"]
[WhiteElo "1600"]
[BlackElo "1667"]
[TimeControl "2700+45"]

1. e4 c6 2. d4 d5 3. Nc3 dxe4 4. Nxe4 Bf5 5. Ng3 Bg6 6. Nf3 Nf6 7. Ne5 e6 8. Nxg6 hxg6 9. c3 c5 10. Bb5+ Nbd7 11. dxc5 Bxc5 12. O-O Qb6 13. Qa4 a6 14. Bxd7+ Nxd7 15. Ne4 Be7 16. Rd1 O-O-O 17. Rb1 Qc7 18. Bf4 e5 19. Be3 f5 20. Ng5 f4 21. Ne6 Qc6 22. Qxc6+ bxc6 23. Nxd8 Bxd8 24. Bd2 g5 25. c4 g4 26. Bc3 Bb6 27. g3 Rh3 28. gxf4 exf4 29. Bd4 Bc7 30. Bxg7 g3 31. hxg3 fxg3 32. Bd4 Nf8 33. Re1 Ng6 34. Re8+ Kb7 35. Rg8 Nf4 36. fxg3 Ne2+ 37. Kg2 Rxg3+ 38. Rxg3 Nxg3 39. Bf2 Ne4 40. Re1 Nd2 41. b3 a5 42. Re7 Nb1 43. Bg3   {Black resigns} 1-0

[Event "Team 45 45 League T24"]
[Site "Free Internet Chess Server"]
[Date "2004.09.27"]
[Round "3"]
[White "xplan"]
[Black "KlassAct"]
[Result "1-0"]
[WhiteElo "1476"]
[BlackElo "1425"]
[TimeControl "2700+45"]

1. e4 e5 2. Nf3 Nc6 3. Nc3 Bc5 4. Nxe5 Nxe5 5. d4 Bd6 6. dxe5 Bxe5 7. Bc4 Nf6 8. Bg5 Bxc3+ 9. bxc3 d6 10. e5 dxe5 11. Qxd8+ Kxd8 12. Bxf7 Ke7 13. Bc4 h6 14. Bh4 g5 15. Bg3 Re8 16. O-O Bf5 17. Bxe5 Ne4 18. Rfe1 Kf8 19. Bxc7 Nxc3 20. Bd6+ Kg7 21. Be5+   {Black resigns} 1-0

[Event "Team 45 45 League T24"]
[Site "Free Internet Chess Server"]
[Date "2004.09.26"]
[Round "3"]
[White "Vinoblanca"]
[Black "chesstalker"]
[Result "1-0"]
[WhiteElo "1509"]
[BlackElo "1360"]
[TimeControl "2700+45"]

1. d4 d5 2. c4 e6 3. Nc3 Nf6 4. Nf3 Nbd7 5. Bg5 b6 6. cxd5 exd5 7. Nxd5 Be7 8. Nxe7 Qxe7 9. e3 O-O 10. Qb3 c5 11. d5 Qd6 12. Rd1 Bb7 13. Bc4 Rfe8 14. O-O a6 15. Bf4 Ne5 16. Nxe5 Rxe5 17. Bxe5 Qxe5 18. Qxb6 Ng4 19. g3 Qh5 20. h4 Rb8 21. Qc7 Qe5 22. Qxe5 Nxe5 23. b3 Bc8 24. Kg2 a5 25. Rd2 a4 26. f4 Ng4 27. Re1 Nf6 28. e4 Bb7 29. e5 Re8 30. Ree2 Nh5 31. Kf2 Ra8 32. d6 Kf8 33. Rc2 axb3 34. Bxb3 Ra5 35. Re3 g6 36. Rec3 Be4 37. Rc1 c4 38. Rxc4 Bd5 39. Rc8+ Kg7 40. Bxd5 Rxd5 41. R1c2 Rd3 42. R8c3 Rd1 43. Ke2 Rf1 44. Kxf1   {Black resigns} 1-0

[Event "Team 45 45 League T24"]
[Site "Free Internet Chess Server"]
[Date "2004.09.26"]
[Round "3"]
[White "adingod"]
[Black "sacKING"]
[Result "1-0"]
[WhiteElo "2099"]
[BlackElo "1831"]
[TimeControl "2700+45"]

1. d4 e6 2. Nf3 c5 3. e3 Nf6 4. Bd3 a6 5. O-O cxd4 6. exd4 d6 7. Re1 Be7 8. Nbd2 b6 9. c3 Nbd7 10. Nc4 b5 11. Ne3 Nb6 12. b3 Bb7 13. c4 bxc4 14. Nxc4 O-O 15. Bd2 Nxc4 16. bxc4 Qc7 17. Qe2 Rab8 18. Rab1 Bc6 19. d5 Bd7 20. Nd4 exd5 21. cxd5 Nxd5 22. Rxb8 Rxb8 23. Qf3 Bc6 24. Qe4 g6 25. Rc1 Rb6 26. Ba5 Nb4 27. Bxb6 Bxe4 28. Rxc7   {Black resigns} 1-0

[Event "Team 45 45 League T24"]
[Site "Free Internet Chess Server"]
[Date "2004.09.26"]
[Round "3"]
[White "Pawns"]
[Black "geolas"]
[Result "0-1"]
[WhiteElo "1719"]
[BlackElo "1787"]
[TimeControl "2700+45"]

1. d4 Nf6 2. c4 c5 3. d5 b5 4. cxb5 a6 5. f3 axb5 6. e4 Qa5+ 7. Bd2 b4 8. Na3 Ba6 9. Nc4 Bxc4 10. Bxc4 d6 11. Qe2 Nfd7 12. f4 Nb6 13. Bb5+ N8d7 14. Nf3 g6 15. O-O Bg7 16. a3 Bxb2 17. axb4 Qxa1 18. Rxa1 Rxa1+ 19. Kf2 O-O 20. bxc5 Nxc5 21. Be3 Ra2 22. Qc2 Rfa8 23. Kg3 Bd4 24. Qc1 Nxe4+ 25. Kg4 Bxe3 26. Qxe3 Nxd5   {White resigns} 0-1

[Event "Team 45 45 League T24"]
[Site "Free Internet Chess Server"]
[Date "2004.09.25"]
[Round "3"]
[White "Gazzer"]
[Black "Lofoten"]
[Result "1/2-1/2"]
[WhiteElo "1663"]
[BlackElo "1768"]
[TimeControl "2700+45"]

1. e4 e5 2. Nf3 Nc6 3. Bb5 a6 4. Ba4 Nf6 5. O-O Be7 6. Re1 b5 7. Bb3 O-O 8. c3 d6 9. h3 Na5 10. Bc2 c5 11. d4 Qc7 12. Nbd2 cxd4 13. cxd4 Bb7 14. d5 Rac8 15. Bd3 Nd7 16. Nf1 f5 17. Bg5 Nf6 18. Bxf6 Bxf6 19. Rc1 Qd7 20. Re2 fxe4 21. Bxe4 Nc4 22. Rec2 Nb6 23. Qd3 Rxc2 24. Rxc2 g6 25. Ne3 Rc8 26. Rxc8+ Qxc8 27. Bxg6 hxg6 28. Qxg6+ Bg7 29. Qxd6 Nc4 30. Nxc4 Qxc4 31. Qe6+ Kf8 32. Qd6+ Kg8 33. Qe6+ Kf8 34. Qd6+ Kg8 35. Qe6+   {Game drawn by repetition} 1/2-1/2

[Event "Team 45 45 League T24"]
[Site "Free Internet Chess Server"]
[Date "2004.09.22"]
[Round "3"]
[White "sostoned"]
[Black "twinders"]
[Result "1-0"]
[WhiteElo "1680"]
[BlackElo "1648"]
[TimeControl "2700+45"]

1. e4 c5 2. Nf3 d6 3. d4 cxd4 4. Nxd4 Nf6 5. Nc3 a6 6. Bg5 g6 7. Bc4 Bg7 8. Qd2 Qc7 9. Bb3 Nc6 10. Nxc6 Qxc6 11. f3 O-O 12. Bh6 Bd7 13. Bxg7 Kxg7 14. Nd5 Nxd5 15. Bxd5 Qb6 16. O-O-O Rac8 17. Qd4+ Qxd4 18. Rxd4 Rc7 19. Rhd1 Rfc8 20. c3 b5 21. Bb3 Rc5 22. f4 f6 23. Rd5 a5 24. Rxc5 Rxc5 25. Rd3 Bc6 26. Bd5 Kh6 27. Bxc6 Rxc6 28. Rh3+ Kg7 29. Kd2 Rc4 30. Kd3 Ra4 31. a3 Rc4 32. b3 Rc5 33. Re3 e5 34. g3 Kh6 35. Re2 Kh5 36. Rc2 Kg4 37. c4 b4 38. axb4 axb4 39. Ke3 f5 40. Rd2 Rc6 41. Rd5 exf4+ 42. gxf4 Rb6 43. Rb5 Rc6 44. Rxb4 Kh3 45. Rb7 Kxh2 46. Rxh7+ Kg3 47. exf5 gxf5 48. Rg7+ Kh4 49. Kf3 Kh5 50. Rg5+ Kh6 51. Rxf5 Rb6 52. Rb5 Ra6 53. Ke4 Kg7 54. c5 dxc5 55. Rxc5 Rb6 56. Rc3 Kf6 57. Rh3 Rb4+ 58. Kd5 Rxf4 59. Re3 Rb4 60. Kc5 Rb8 61. b4 Rc8+ 62. Kd6 Rb8 63. Rb3 Kf5 64. b5 Rb6+ 65. Kc7 Rh6 66. Rd3 Rh1 67. Rc3 Rh7+ 68. Kb8 Ke5 69. b6 Rh8+ 70. Rc8 Rh1 71. Rc2 Kd6 72. b7 Rh7 73. Ka8 Rh8+ 74. b8=Q+ Rxb8+ 75. Kxb8 Kd5 76. Kc7 Kd4 77. Kc6 Kd3 78. Rc5 Ke4 79. Kd6 Kd4 80. Kc6 Ke4 81. Rd5 Kf4 82. Kd6 Ke4 83. Ke6 Ke3 84. Ke5 Kf3 85. Rd4 Ke3 86. Kd5 Kf3 87. Re4 Kg3 88. Ke5 Kf3 89. Kf5 Kg3 90. Rf4 Kh3 91. Rg4 Kh2 92. Kf4 Kh3 93. Kf3 Kh2 94. Rg3 Kh1 95. Ke3 Kh2 96. Kf2 Kh1 97. Rg8   {Black resigns} 1-0

[Event "Team 45 45 League T24"]
[Site "Free Internet Chess Server"]
[Date "PDT.10.0"]
[Round "4"]
[White "sidiAhmed"]
[Black "Pieris"]
[Result "0-1"]
[WhiteElo "1610"]
[BlackElo "1675"]
[TimeControl "2700+45"]

1. d4 Nf6 2. c4 e6 3. Nc3 d5 4. Bg5 Nbd7 5. e3 c6 6. Nf3 Qa5 7. c5 Ne4 8. Qc2 Nxc3 9. Qxc3 Qxc3+ 10. bxc3 f6 11. Bf4 b6 12. cxb6 axb6 13. Bd3 b5 14. O-O Ba3 15. Rab1 Nb6 16. e4 Na4 17. Bd2 Bd6 18. exd5 exd5 19. Rfe1+ Kf7 20. Bc2 Nb6 21. Bb3 Bf5 22. Ra1 Ba3 23. Re3 Nc4 24. Bxc4 bxc4 25. Nh4 Be4 26. f3 Bd3 27. Rae1 g5 28. Re6 Rhc8 29. g3 gxh4 30. gxh4 Rc7 31. Bf4 Re7 32. Rxe7+ Bxe7   {White resigns} 0-1

[Event "Team 45 45 League T24"]
[Site "Free Internet Chess Server"]
[Date "2004.09.25"]
[Round "3"]
[White "Esekla"]
[Black "JoeytheBudgie"]
[Result "0-1"]
[WhiteElo "1624"]
[BlackElo "1677"]
[TimeControl "2700+45"]

1. d4 Nf6 2. e3 e6 3. Bd3 d5 4. Nd2 b6 5. f4 Bb7 6. Ngf3 Nbd7 7. O-O Be7 8. Ne5 O-O 9. Rf2 c5 10. c3 Rc8 11. g4 Ne4 12. Nxe4 dxe4 13. Bc2 cxd4 14. exd4 Nxe5 15. fxe5 f5 16. exf6 Bxf6 17. Qe2 Qd5 18. Rf4 e3 19. Be4 Qd7 20. Qxe3 Rfe8 21. Rf2 e5 22. Bf5 Qd5 23. Kf1 Qh1+ 24. Ke2 exd4 25. Be6+ Kh8 26. cxd4 Rc2+ 27. Kd3 Qd1+ 28. Bd2 Ba6+ 29. Ke4 Qxg4+ 30. Kd5 Bc4+ 31. Kd6 Rxe6+ 32. Kc7 Rxe3 33. Bxe3 Ba6+ 34. Kd6 Rxf2 35. Bxf2 h6 36. Re1 Bxd4 37. Re8+ Kh7 38. Bg3 Qg6+ 39. Kc7 Qxe8   {White resigns} 0-1

[Event "Team 45 45 League T24"]
[Site "Free Internet Chess Server"]
[Date "2004.09.25"]
[Round "3"]
[White "sonareclipse"]
[Black "plume"]
[Result "1-0"]
[WhiteElo "2022"]
[BlackElo "2212"]
[TimeControl "2700+45"]

1. e4 e6 2. d4 d5 3. Nc3 Bb4 4. e5 c5 5. a3 Bxc3+ 6. bxc3 Ne7 7. Qg4 O-O 8. Bd3 f5 9. exf6 Rxf6 10. Bg5 Rf7 11. Qh5 g6 12. Qd1 Qa5 13. Qd2 c4 14. Be2 Nf5 15. h4 Nc6 16. h5 e5 17. hxg6 hxg6 18. dxe5 Nxe5 19. g4 Nd6 20. Qd4 Rh7 21. Rxh7 Kxh7 22. Qxe5 Nf7 23. Qh2+ Kg8 24. Bf6 Bd7 25. Nf3 Re8 26. Ng5 Nxg5 27. Qh8+ Kf7 28. Qg7+ Ke6 29. Bxg5 Kd6 30. Kf1 Qa4 31. Qxg6+ Re6 32. Qh7 b5 33. Bf4+ Kc6 34. Bf3 Qa6 35. Bxd5+ Kxd5 36. Qxd7+ Ke4 37. Qd4+ Kf3 38. Be5 Rf6 39. Bxf6 Qe6 40. Re1 Qxg4 41. Re3#   {Black checkmated} 1-0

[Event "Team 45 45 League T24"]
[Site "Free Internet Chess Server"]
[Date "2004.09.26"]
[Round "3"]
[White "STDSkillz"]
[Black "reasoanblep"]
[Result "1-0"]
[WhiteElo "1948"]
[BlackElo "2040"]
[TimeControl "2700+45"]

1. e4 c5 2. Nf3 Nc6 3. d4 cxd4 4. Nxd4 Nf6 5. Nc3 e5 6. Ndb5 d6 7. Bg5 a6 8. Na3 b5 9. Nd5 Be7 10. Bxf6 Bxf6 11. c4 b4 12. Nc2 a5 13. Bd3 Bg5 14. O-O O-O 15. Qh5 g6 16. Qf3 Kh8 17. b3 f5 18. a3 Rb8 19. axb4 axb4 20. exf5 gxf5 21. Be2 e4 22. Qh3 Rg8 23. Ra4 Ne5 24. Ra7 Bh4 25. Qe3 Rg6 26. Ncxb4 Qg8 27. g3 Bg5 28. Qd4 f4 29. Qxe4 Bh3 30. Rfa1 Qe6 31. Qd4 Rf8 32. Bd3 Kg8 33. Kh1 Qg4 34. Qe4 Qh5 35. Ra8 Rxa8 36. Rxa8+ Kg7 37. Ra7+ Kh6 38. Be2 f3 39. Bd1 Bg2+ 40. Kg1 Ng4 41. h4 Bxh4 42. gxh4 Qxh4 43. Qf4+ Rg5 44. Qf8+   {Black forfeits on time} 1-0

[Event "Team 45 45 League T24"]
[Site "Free Internet Chess Server"]
[Date "2004.09.26"]
[Round "3"]
[White "xivarmy"]
[Black "Rinoa"]
[Result "0-1"]
[WhiteElo "1944"]
[BlackElo "1847"]
[TimeControl "2700+45"]

1. e4 c5 2. Nf3 Nc6 3. d4 cxd4 4. Nxd4 Nf6 5. Nc3 e5 6. Ndb5 d6 7. a4 a6 8. Na3 Be6 9. Bc4 Nxe4 10. Bxe6 Nxc3 11. Bxf7+ Kxf7 12. Qf3+ Kg8 13. Qxc3 d5 14. O-O Qd6 15. Qb3 Qd7 16. Rd1 Rd8 17. Bg5 Be7 18. Bxe7 Nxe7 19. c4 d4 20. c5+ Qd5 21. Qxd5+ Rxd5 22. b4 Kf7 23. Nc4 Ke6 24. Re1 Ng6 25. Nb6 Rdd8 26. b5 axb5 27. axb5 Rhe8 28. g3 d3 29. Re4 Re7 30. Rd1 Rc7 31. Rc4 Ne7 32. Kg2 Nf5 33. g4 Nh4+ 34. Kg3 Ng6 35. c6 Nf4 36. cxb7 Rxb7 37. Rc6+ Rd6 38. Rxd6+ Kxd6 39. Nc4+ Kd5 40. Ne3+ Kd4 41. Ng2 Nxg2 42. Kxg2 Rxb5 43. Kf1 Kc3 44. Ke1 Rb2 45. h3 g5 46. Rc1+ Rc2 47. Rd1 e4 48. Kf1 Kb2 49. Kg2 Rc1   {White resigns} 0-1

[Event "Team 45 45 League T24"]
[Site "Free Internet Chess Server"]
[Date "2004.09.24"]
[Round "3"]
[White "fismoluni"]
[Black "maeck"]
[Result "1-0"]
[WhiteElo "1591"]
[BlackElo "1922"]
[TimeControl "2700+45"]

1. e4 Nf6 2. e5 Nd5 3. c4 Nb6 4. d4 d6 5. f4 g5 6. Nf3 g4 7. Ng5 h6 8. Ne4 Bf5 9. Nbc3 dxe5 10. fxe5 Nc6 11. Be3 Bg7 12. Be2 Na5 13. b3 h5 14. O-O Bg6 15. Qd2 Nc6 16. Rad1 a5 17. Ng5 Qd7 18. c5 Nc8 19. e6 fxe6 20. Nb5 Nd8 21. Bc4 Bf5 22. Bf4 e5 23. Bxe5 Bxe5 24. dxe5 Qxd2 25. Rxd2 e6 26. Nxc7+ Ke7 27. Nxa8 Nc6 28. Nc7 Nxe5 29. Bxe6 Bxe6 30. Ncxe6 Na7 31. Rfd1 Nac6 32. Rd6 a4 33. R1d5 axb3 34. axb3 Ra8 35. Nf4 g3 36. hxg3 Ng4 37. Ng6+   {Black resigns} 1-0

[Event "Team 45 45 League T24"]
[Site "Free Internet Chess Server"]
[Date "2004.09.25"]
[Round "3"]
[White "thomchad"]
[Black "Baggins"]
[Result "1-0"]
[WhiteElo "1928"]
[BlackElo "2081"]
[TimeControl "2700+45"]

1. d4 Nf6 2. c4 e6 3. Nf3 d5 4. g3 c5 5. cxd5 exd5 6. Bg2 Be7 7. Be3 b6 8. Nc3 O-O 9. dxc5 bxc5 10. Ne5 Bb7 11. Qb3 Qb6 12. O-O Qxb3 13. axb3 Ne4 14. Rfd1 Rd8 15. Nxe4 dxe4 16. Rxd8+ Bxd8 17. Nc4 Be7 18. Na5 Bd5 19. Rd1 Nc6 20. Rxd5 Nxa5 21. Bxe4 Nxb3 22. Rd7 Re8 23. Rxa7 Nd4 24. Bd3 Bf6 25. Bc4 Ne6 26. b3 Rb8 27. Kg2 h6 28. Bxe6 fxe6 29. Bxc5 Rxb3 30. Ra8+ Kf7 31. Ra7+ Kg6 32. Ra6 Kf5 33. Ra4 Rb2 34. e3 Rc2 35. Bd6 Kg6 36. Ra6 Kf5 37. Kf3 Kg6 38. Bf4 Kf7 39. Ra7+ Kg6 40. Rc7 Ra2 41. Rc5 Be7 42. Rc6 Kf6 43. e4 g5 44. Be3 Ra4 45. Rc7 Bf8 46. h4 gxh4 47. gxh4 h5 48. Rb7 Ra3 49. Rb5 e5 50. Kg2 Ra2 51. Rb6+ Kf7 52. Rb7+ Kg6 53. Rb5 Kf6 54. Bg5+ Ke6 55. Kg3 Ra3+ 56. f3 Ra7 57. Rb6+ Bd6 58. f4 Ra3+ 59. Kg2 Kd7 60. f5 Ra2+ 61. Kf3 Ra3+ 62. Ke2 Ra4 63. Kd3 Ra3+ 64. Kd2 Ra4 65. Rb7+ Kc6 66. Rh7 Rxe4 67. Rxh5 Kd5 68. Rh8 Bb4+ 69. Kd3 Rd4+ 70. Ke3 Bd2+ 71. Ke2 Bb4 72. Rb8 Bc5 73. Rb5 Kc6 74. Rxc5+ Kxc5 75. Be3 Kd6 76. Bxd4 exd4 77. h5 Ke5 78. h6 Kf6 79. Kd3 Kf7 80. Kxd4 Kg8 81. f6   {Black resigns} 1-0

[Event "Team 45 45 League T24"]
[Site "Free Internet Chess Server"]
[Date "2004.09.26"]
[Round "3"]
[White "Taadow"]
[Black "JDFitzpat"]
[Result "0-1"]
[WhiteElo "1720"]
[BlackElo "1947"]
[TimeControl "2700+45"]

1. c4 c5 2. Nc3 g6 3. d3 Bg7 4. e4 Nc6 5. f4 e6 6. Nf3 Nge7 7. Be2 O-O 8. O-O d5 9. cxd5 exd5 10. e5 f6 11. exf6 Bxf6 12. Rb1 a6 13. a3 b5 14. Bd2 Bf5 15. Be1 Re8 16. Bh4 Bxh4 17. Nxh4 Nd4 18. Nxf5 Nexf5 19. Bf3 Ne3 20. Qe1 b4 21. axb4 cxb4 22. Na2 Nxf1 23. Qxf1 Nxf3+ 24. Qxf3 a5 25. Nc1 a4 26. Na2 Qb6+ 27. Kh1 Qb5 28. f5 Rf8 29. f6 Rf7 30. Rf1 Raf8 31. Qf4 Rxf6 32. Qxf6 Rxf6 33. Rxf6 Qxd3 34. h3 Qb1+   {White resigns} 0-1

[Event "Team 45 45 League T24"]
[Site "Free Internet Chess Server"]
[Date "2004.09.25"]
[Round "3"]
[White "Chessface"]
[Black "ButiOxa"]
[Result "0-1"]
[WhiteElo "1674"]
[BlackElo "1767"]
[TimeControl "2700+45"]

1. d4 Nf6 2. Nf3 c5 3. e3 d5 4. b3 cxd4 5. exd4 Bg4 6. c4 e6 7. Nbd2 Bb4 8. Bd3 Bc3 9. Rb1 Bxd4 10. O-O O-O 11. Re1 Qb6 12. Qe2 Nc6 13. h3 Bh5 14. Nf1 Bxf3 15. Qxf3 Ne5 16. Rxe5 Bxe5 17. Be3 Qc7 18. Rd1 dxc4 19. Bxc4 Rfd8 20. Rc1 Qe7 21. Qe2 Bd6 22. Bg5 Ba3 23. Re1 Bb4 24. Rc1 a6 25. Ng3 b5 26. Bd3 Ba3 27. Rd1 h6 28. Bxf6 Qxf6 29. Nh5 Qg5 30. f4 Bc5+ 31. Kh1 Qh4 32. Qe5 Bd4 33. Qe2 Rac8 34. Kh2 Rd5 35. Ng3 Qxf4 36. Rf1 Qe3 37. Qxe3 Bxe3 38. Be4 Rd2 39. Rf3 Bd4 40. Bb7 Rc1 41. Nf1 Be5+ 42. Kg1 Rdd1 43. Bxa6 Bd4+ 44. Kh2 Rxf1 45. Rg3 Rh1#   {White checkmated} 0-1

[Event "Team 45 45 League T24"]
[Site "Free Internet Chess Server"]
[Date "2004.09.26"]
[Round "3"]
[White "BlkSabb"]
[Black "Woodchuck"]
[Result "1-0"]
[WhiteElo "1664"]
[BlackElo "1644"]
[TimeControl "2700+45"]

1. d4 Nf6 2. c4 g6 3. Nc3 Bg7 4. e4 d6 5. Nf3 O-O 6. Be2 Nbd7 7. O-O e5 8. d5 c6 9. Be3 Ng4 10. Bd2 Nc5 11. b4 Na6 12. a3 Nc7 13. h3 Nf6 14. Qc1 Bd7 15. Bh6 cxd5 16. Bxg7 Kxg7 17. cxd5 Rc8 18. Qe3 a6 19. Rab1 Nh5 20. Ne1 f5 21. Bxh5 gxh5 22. Nf3 fxe4 23. Nd2 Kh8 24. Ndxe4 Bf5 25. Ra1 Rg8 26. Ng3 Bd7 27. Nxh5 Bxh3 28. Qxh3 Qg5 29. Ne4 Qg4 30. Qxg4 Rxg4 31. Nxd6 Rf8 32. Nxb7 Nxd5 33. Rad1 Nc3 34. Rd3 Ne2+ 35. Kh2 Rfg8 36. g3 R4g5 37. Nf6 Rf8 38. Rd8 Rxd8 39. Nxd8 Kg7 40. Ne4 Nd4 41. Nxg5   {Black resigns} 1-0

[Event "Team 45 45 League T24"]
[Site "Free Internet Chess Server"]
[Date "2004.09.25"]
[Round "3"]
[White "SamuraiGoroh"]
[Black "Lamtarra"]
[Result "0-1"]
[WhiteElo "1311"]
[BlackElo "1445"]
[TimeControl "2700+45"]

1. e4 d6 2. Bc4 Nf6 3. d3 g6 4. Bg5 Bg7 5. Nc3 O-O 6. f3 Nc6 7. Nce2 Nd7 8. c3 Nf6 9. d4 e5 10. b4 exd4 11. Nxd4 Qd7 12. Nge2 Re8 13. Bd3 Nxd4 14. Nxd4 Qe7 15. O-O c5 16. bxc5 dxc5 17. Nb3 Qc7 18. Bb5 Bd7 19. c4 Bxb5 20. cxb5 c4 21. Rc1 Qb6+ 22. Nd4 Rad8 23. Rxc4 Rd7 24. Qa1 Red8 25. Rd1 h6 26. a4 hxg5 27. a5 Qd6 28. a6 bxa6 29. Qxa6 Ne8 30. g4 Qxa6 31. bxa6 Rxd4 32. Rcxd4 Rxd4 33. Rxd4 Bxd4+ 34. Kg2 Nc7 35. Kg3 Nxa6 36. h4 gxh4+ 37. Kxh4 Nb4 38. Kg5 Kg7 39. f4 Be3 40. e5 a5 41. Kh4 a4 42. g5 Bxf4 43. Kg4 Bxe5 44. Kf3 a3 45. Ke4 a2 46. Kxe5 a1=Q+ 47. Ke4 f6 48. gxf6+ Kxf6 49. Kf3 Qc3+ 50. Kg4 Qd4+ 51. Kf3 g5 52. Kg2 Kf5 53. Kg3 Qg4+ 54. Kf2 Nd3+ 55. Ke3 Qe4+ 56. Kd2 Kf4 57. Kd1 Nf2+ 58. Kd2 g4 59. Kc1 g3 60. Kb2 g2 61. Kc3 Qd3+ 62. Kb4 g1=Q 63. Kc5 Qc1+ 64. Kb4 Qdb1+ 65. Ka4 Qcb2 66. Ka5 Q1a1#   {White checkmated} 0-1

[Event "Team 45 45 League T24"]
[Site "Free Internet Chess Server"]
[Date "2004.09.26"]
[Round "3"]
[White "tjraczko"]
[Black "twinders"]
[Result "1-0"]
[WhiteElo "1594"]
[BlackElo "1655"]
[TimeControl "2700+45"]

1. e4 c5 2. Nf3 d6 3. d4 cxd4 4. Nxd4 Nf6 5. Nc3 a6 6. Bg5 Qa5 7. Qd2 Bd7 8. O-O-O Nc6 9. Bxf6 exf6 10. Bc4 Be7 11. Kb1 Nxd4 12. Qxd4 Qe5 13. Nd5 Rc8 14. Nxe7 Qxd4 15. Rxd4 Kxe7 16. Rhd1 Rhd8 17. f4 b5 18. Bb3 Be6 19. Bd5 Bxd5 20. Rxd5 Rc4 21. R5d4 Rdc8 22. c3 Rxd4 23. Rxd4 g5 24. f5 Rc4 25. Kc2 Rxd4 26. cxd4 d5 27. Kd3 Kd6 28. g4 h6 29. exd5 Kxd5 30. b4 Kd6 31. Ke4 Kc6 32. d5+ Kd6 33. Kd4 Kd7 34. Kc5 Kc7 35. d6+ Kd7 36. Kd5 Kc8 37. Kc6 Kd8 38. d7   {Black resigns} 1-0

[Event "Team 45 45 League T24"]
[Site "Free Internet Chess Server"]
[Date "2004.09.25"]
[Round "3"]
[White "mrmahoon"]
[Black "rgadoury"]
[Result "1-0"]
[WhiteElo "1550"]
[BlackElo "1501"]
[TimeControl "2700+45"]

1. e4 e6 2. d4 d5 3. e5 c5 4. c3 a6 5. Nf3 Nc6 6. Be3 Qb6 7. b3 cxd4 8. Nxd4 Nxd4 9. cxd4 Ne7 10. Bd3 Nc6 11. Be2 Bb4+ 12. Nd2 Bxd2+ 13. Qxd2 Qb4 14. Qxb4 Nxb4 15. O-O Nc2 16. Rac1 Nxe3 17. fxe3 O-O 18. Rc7 f5 19. exf6 Rxf6 20. Rxf6 gxf6 21. Bd3 f5 22. Kf2 b6 23. Kf3 a5 24. g4 Ba6 25. Bxa6 Rxa6 26. gxf5 exf5 27. Kf4 b5 28. Kxf5 Rg6 29. Rc2 Kg7 30. Ke5 Rg5+ 31. Kd6 Rf5 32. Kc5 Rf3 33. Re2 b4 34. Kb5 Rf7 35. Kxa5   {Black resigns} 1-0